Cogmind - Beta 16 @@@ ROGUE MODE // 2025.11.22 @ 20:50:45 Player: Mozco Result: Self-destructed Performance ------------- Evolutions (5) 2500 Regions Visited (15) 3000 Robots Destroyed (262) 1310 Value Destroyed (9942) 9942 Prototype IDs (32) 640 Alien Tech Used (0) 0 Bonus (3142) 3142 TOTAL SCORE: 20534 Bonus ------- High Alert Combat Kills 1036 Follower Combat Kills 1681 Network Hubs Disabled 200 Met Imprinter 300 Built Enhanced Grunts 300 A7 Reached Mainframe 300 Met R17 at Cetus 500 Friendly Fire -1175 Cogmind --------- Core Integrity 761/1000 Matter 294/300 Energy 89/380 System Corruption 7% Temperature Critical (502) Movement Treading (240) Ox1 Location -5/Upper Caves Parts ------- > --- POWER (2) -------- Reinforced Fission Core Light Antimatter Reactor > --- PROPULSION (4) --- Centrium Heavy Treads Centrium Heavy Treads > --- UTILITY (7) ------ Advanced Heat Sink (fused) Huge Storage Unit Centrium Medium Armor Plating Medium Insulated Plating Focal Shield Advanced Shield Generator > --- WEAPON (4) ------- Beamcaster Advanced Variable Charge Gun Disruptor Cannon Heavy Plasma Cannon > --- INVENTORY (25) --- Neutrino Core Quantum Reactor Quantum Reactor Medium Treads Medium Treads Improved Medium Treads Improved Medium Treads Centrium Heavy Treads Advanced Heat Sink Advanced Coolant Injector Improved Particle Charger Improved Transmission Jammer Advanced ECM Suite Hardened Heavy Armor Plating Centrium Medium Armor Plating Medium Insulated Plating Medium Insulated Plating Experimental Thermal Shield Improved Recalibrator Mini Drone Bay (3/3) Hacking Drone Bay (1/1) Neutron Cannon Remote Datajack Peak State ------------ > --- POWER ------------ Micro Fission Core Quantum Reactor > --- PROPULSION ------- Centrium Heavy Treads Centrium Heavy Treads > --- UTILITY ---------- Advanced Heat Sink Improved Coolant Injector Huge Storage Unit Improved Medium Armor Plating Centrium Medium Armor Plating Centrium Medium Armor Plating Experimental Thermal Shield > --- WEAPON ----------- Advanced Variable Charge Gun Heavy Plasma Cannon Heavy Plasma Cannon Neutron Cannon > --- INVENTORY -------- Quantum Reactor Medium Treads Medium Treads Improved Medium Treads Improved Medium Treads Centrium Heavy Treads Centrium Heavy Treads Advanced Coolant Injector Improved Particle Charger Advanced ECM Suite Hardened Heavy Armor Plating Medium Insulated Plating Medium Insulated Plating Medium Insulated Plating Focal Shield Hacking Drone Bay Remote Datajack [Rating: 130] Favorites ----------- Power Cooled Deuterium Engine Engine Cooled Deuterium Engine Power Core Reinforced Fission Core Reactor Quantum Reactor Propulsion Medium Treads Treads Medium Treads Wheel Wheel Utility Huge Storage Unit Device Heart of Steel Storage Huge Storage Unit Processor System Guard Protection Reflective Plating Weapon Heavy Plasma Cannon Energy Gun Gatling Laser Energy Cannon Heavy Plasma Cannon Ballistic Gun Precision Assault Rifle Ballistic Cannon Gauss Cannon Launcher Rocket Launcher Special Weapon Remote Datajack Build | -11 -10 -9 -8 -7 -7 -7 -7 -6 -6 -6 -6 -6 -6 -5 -5 ------- Run | Yrd Mat Mat Mat Fac Low Low Zio Pro Fac Ext Cet Arc Hub Fac Upp Slots Evolved 10 | . . 2 2 2 . . . . 2 . . . . 2 . Power 1 | . . . . . . . . . . . . . . 1 . Propulsion 2 | . . . 1 1 . . . . . . . . . . . Utility 5 | . . 2 1 . . . . . 1 . . . . 1 . Weapon 2 | . . . . 1 . . . . 1 . . . . . . Parts Attached 159 | 6 2 26 18 23 4 6 4 3 16 16 11 3 2 15 4 Power 18 | 1 . 3 1 2 . . 1 . . 1 2 1 1 4 1 Engine 9 | 1 . 3 1 2 . . 1 . . . . 1 . . . Core 3 | . . . . . . . . . . 1 . . . 2 . Reactor 6 | . . . . . . . . . . . 2 . 1 2 1 Propulsion 36 | 2 . 5 8 5 1 2 . 1 4 5 2 . . 1 . Treads 34 | 2 . 5 8 5 1 2 . . 3 5 2 . . 1 . Leg . | . . . . . . . . . . . . . . . . Wheel 2 | . . . . . . . . 1 1 . . . . . . Hover . | . . . . . . . . . . . . . . . . Flight . | . . . . . . . . . . . . . . . . Utility 65 | 1 2 9 6 9 2 2 1 1 8 7 4 2 1 9 1 Device 31 | . . 2 1 4 1 1 1 1 5 4 3 2 . 6 . Storage 3 | 1 1 . . 1 . . . . . . . . . . . Processor 2 | . . . . . . . . . 1 . . . . 1 . Hackware . | . . . . . . . . . . . . . . . . Protection 29 | . 1 7 5 4 1 1 . . 2 3 1 . 1 2 1 Artifact . | . . . . . . . . . . . . . . . . Weapon 40 | 2 . 9 3 7 1 2 2 1 4 3 3 . . 1 2 Energy Gun 15 | 1 . 6 1 1 . 1 . . 2 . 1 . . 1 1 Energy Cannon 8 | . . . . 2 . . . . 1 3 1 . . . 1 Ballistic Gun 8 | 1 . 2 . 3 . 1 . . . . 1 . . . . Ballistic Cannon 4 | . . 1 . . 1 . 1 1 . . . . . . . Launcher 4 | . . . 2 1 . . . . 1 . . . . . . Special Weapon 1 | . . . . . . . 1 . . . . . . . . Impact Weapon . | . . . . . . . . . . . . . . . . Slashing Weapon . | . . . . . . . . . . . . . . . . Piercing Weapon . | . . . . . . . . . . . . . . . . Special Melee Weapon . | . . . . . . . . . . . . . . . . Unidentified Prototypes 20 | . . 3 . 4 . 1 . . 5 . 6 . 1 . . Corrupted Parts 2 | . . . . . . . . . . . 2 . . . . System Corruption 17 | . . . . . . . . . . . 17 . . . . Parts Lost 40 | . . 2 1 12 1 5 . 7 . 3 . . . 8 1 Power 3 | . . . . . . . . . . 1 . . . 2 . Propulsion 12 | . . . . 5 1 1 . 4 . 1 . . . . . Utility 12 | . . . 1 5 . 2 . . . 1 . . . 3 . Weapon 13 | . . 2 . 2 . 2 . 3 . . . . . 3 1 Highest Loss Streak 8 | . . 1 1 8 1 2 . 4 . 1 . . . 3 1 To Critical Strikes . | . . . . . . . . . . . . . . . . Average Backups 18 | . 1 14 14 13 18 20 22 18 19 18 21 22 22 18 21 Power 1 | . . 1 1 1 2 2 1 1 1 1 1 2 2 1 2 Propulsion 1 | . . 3 3 1 . . . . . 3 5 4 4 4 5 Utility 10 | . . 6 7 9 9 12 14 13 12 10 9 9 9 8 11 Weapon 3 | . 1 2 2 1 5 4 5 3 4 2 4 6 6 3 1 Tool/Special . | . . . . . . . . . . . . . . . . Unused Backups 33 | . . 8 3 2 . 1 . . 2 3 2 . . . 12 Power 4 | . . . . 1 . . . . . 1 1 . . . 1 Propulsion 10 | . . 3 1 . . . . . . . 1 . . . 5 Utility 15 | . . 4 1 1 . . . . 1 2 . . . . 6 Weapon 4 | . . 1 1 . . 1 . . 1 . . . . . . Tool/Special . | . . . . . . . . . . . . . . . . Average Slot Usage (%) 82 | . 98 95 91 90 87 77 84 56 70 94 65 58 59 76 86 Engine 5 | . 14 10 9 6 7 7 7 7 6 3 . . . . . Reactor 1 | . . . . . . . . . . . 2 6 6 7 5 Treads 20 | . 28 22 26 26 18 21 30 6 12 25 14 13 13 11 11 Device 14 | . . 14 17 11 15 13 15 15 14 13 11 11 13 21 23 Storage 7 | . 14 11 9 7 7 7 7 7 6 6 6 6 6 5 5 Protection 11 | . 12 17 17 16 14 4 . . 12 19 14 13 12 9 9 Energy Gun 4 | . 14 13 1 . . 6 2 6 5 1 4 6 6 4 5 Energy Cannon 3 | . . . . 1 . . . . . 19 4 . . 9 16 Ballistic Gun 6 | . 14 3 . 12 15 14 12 . . . . . . . . Ballistic Cannon 2 | . . 1 6 1 6 . 4 10 . . . . . . . Peak Build Rating 130 | 6 7 21 27 47 48 69 71 71 79 80 111 110 112 130 128 Average Rating 62 | 4 6 16 24 39 44 58 69 55 72 75 100 106 110 123 123 On Entrance 60 | . 6 7 21 27 47 47 69 71 52 78 77 110 110 112 128 Avg Prop Armor Cover (%) 3 | . . . . 3 . . . . 3 1 . . . . . Naked Turns . | . . . . . . . . . . . . . . . . Heaviest Build 174 | 12 30 47 59 125 119 125 128 121 132 153 159 140 140 174 171 Greatest Support 160 | 40 40 43 60 80 76 98 98 98 90 118 160 160 160 160 160 Greatest Overweight (x) 37 | . . 1 1 2 2 2 1 37 11 1 2 . . 1 1 Average Overweight (x) 1 | . . . . . 1 1 1 9 3 1 . . . . . Largest Inventory Capacity 25 | 8 15 15 15 25 25 25 25 25 25 25 25 25 25 25 25 Average Capacity 22 | 7 8 15 15 19 25 25 25 25 25 25 25 25 25 25 25 Most Carried 25 | 1 4 15 15 18 20 23 25 25 25 25 25 25 25 24 25 Average Carried 20 | . 1 14 14 14 18 20 23 24 24 24 24 25 24 21 23 Final Capacity 25 | 8 15 15 15 25 25 25 25 25 25 25 25 25 25 25 25 Final Carried 25 | 1 4 15 15 18 20 23 25 25 24 25 25 25 25 22 25 Class Distribution -------------------- 30% | Scavenger-Tank 25% | Gunner 19% | Mutant 19% | Tank 4% | Pyromaniac-Tank Dominant Class ---------------- Mutant | -10/Materials Mutant | -9/Materials Mutant | -8/Materials Tank | -7/Factory Tank | -7/Lower Caves Gunner | -7/Lower Caves Gunner | -7/Zion Mutant | -6/Proximity Caves Scavenger-Tank | -6/Factory Scavenger-Tank | -6/Extension Scavenger-Tank | -6/Cetus Scavenger-Tank | -6/Archives Scavenger-Tank | -6/Hub_04(d) Scavenger-Tank | -5/Factory Scavenger-Tank | -5/Upper Caves Resources | -11 -10 -9 -8 -7 -7 -7 -7 -6 -6 -6 -6 -6 -6 -5 -5 ----------- Run | Yrd Mat Mat Mat Fac Low Low Zio Pro Fac Ext Cet Arc Hub Fac Upp Matter Collected 6778 | 179 118 513 630 1308 304 1608 318 251 442 297 284 70 27 298 131 Remotely . | . . . . . . . . . . . . . . . . Salvage Created 11765 | . 191 1628 1099 2766 283 847 . 207 492 1099 188 388 155 2167 255 Parts 517 | . 7 101 51 121 11 26 . 12 20 46 9 15 4 87 7 Haulers Intercepted 17 | . . 4 3 4 . . . . 1 3 . . 1 1 . Recyclers Shooed 7 | . . 1 1 2 . . . . 1 1 . . . 1 . Parts Field Recycled 63 | . . . . 22 . 30 11 . . . . . . . . Retrieved Matter 659 | . . . . 343 . 210 106 . . . . . . . . Parts Self-Destructed 46 | . . . . . 11 18 3 12 . . . . . . 2 Prevented 5 | . . . . . . . . . . . . . . . 5 Parts Restored 1 | . . . . . . . . . . . . . . 1 . Broken 1 | . . . . . . . . . . . . . . 1 . Kills | -11 -10 -9 -8 -7 -7 -7 -7 -6 -6 -6 -6 -6 -6 -5 -5 ------- Run | Yrd Mat Mat Mat Fac Low Low Zio Pro Fac Ext Cet Arc Hub Fac Upp Combat Hostiles Destroyed 180 | . 2 25 22 46 5 8 . 10 6 15 3 1 1 32 4 Melee 2 | . . . . . . . . . . . . . 1 1 . Guns 82 | . 2 19 3 22 5 8 . 3 6 3 2 1 . 8 . Cannons 54 | . . . 6 13 . . . 7 . 10 . . . 17 1 AOE 29 | . . 5 12 11 . . . . . . . . . 1 . Classes Destroyed 22 | . 2 8 3 1 1 4 . 1 . . . . . 2 . Worker 12 | . . 4 1 4 . . . . . . . . 2 1 . Builder 11 | . . 1 2 4 . . . . 1 2 . . . 1 . Tunneler 2 | . . 1 . . . . . . . 1 . . . . . Hauler 17 | . . 4 3 4 . . . . 1 3 . . 1 1 . Recycler 13 | . 1 3 2 6 . . . . 1 . . . . . . Minesweeper 2 | . . . . . . 1 . 1 . . . . . . . Mechanic 3 | . . . 1 . . . . . . . . . . 2 . Operator 14 | . . 1 1 . . . . . 1 2 . 9 . . . Drone 2 | . . . . . . . . 2 . . . . . . . Watcher 7 | . . 3 1 3 . . . . . . . . . . . Swarmer 23 | . . 7 4 3 . . . 3 4 2 . . . . . Grunt 87 | . 2 14 10 32 4 5 . 2 . 6 . . 1 11 . Brawler 2 | . . . . . . 1 . . . . . . . 1 . Duelist 3 | . . . 1 1 1 . . . . . . . . . . Sentry 20 | . . 4 4 1 . . . . 1 2 . 1 . 6 1 Specialist 2 | . . . . . . . . . . . . . . 2 . Hunter 22 | . . . 3 5 . 1 . 2 . 2 1 . . 5 3 Programmer 10 | . . . . 4 . . . . . . . . . 6 . Heavy 1 | . . . . . . . . . . . . . . 1 . Behemoth 5 | . . . . . . 1 . 1 1 2 . . . . . Cetus Guard 2 | . . . . . . . . . . . 2 . . . . Packrat 3 | . . . . . . 3 . . . . . . . . . Samaritan 4 | . . . . . 1 3 . . . . . . . . . Guerrilla 1 | . . . . . . . . . . 1 . . . . . Mutant 1 | . . . . . . 1 . . . . . . . . . Best Kill Streak 14 | . 2 10 9 14 3 4 . 3 6 3 1 5 2 6 2 Combat Bots Only 8 | . 2 8 6 6 3 4 . 3 4 3 1 1 1 6 2 Max Kills in Single Turn 8 | . 1 3 8 2 1 1 . 1 2 3 1 2 1 3 1 Gunslinging . | . . . . . . . . . . . . . . . . Exploded 5 | . . 2 5 1 . . . . . . . . . 1 . Melee 1 | . . . . . . . . . . . . . 1 1 . Uniques/NPCs Destroyed . | . . . . . . . . . . . . . . . . Combat | -11 -10 -9 -8 -7 -7 -7 -7 -6 -6 -6 -6 -6 -6 -5 -5 -------- Run | Yrd Mat Mat Mat Fac Low Low Zio Pro Fac Ext Cet Arc Hub Fac Upp Hostile Shots Fired 1449 | . 10 134 80 336 20 45 . 116 54 157 30 . 17 374 76 Missed 419 | . 3 42 20 105 3 18 . 35 20 49 10 . 8 86 20 Hits 1030 | . 7 92 60 231 17 27 . 81 34 108 20 . 9 288 56 Melee 9 | . . . . 7 1 . . . . . . . . . 1 Projectile 1021 | . 7 92 60 224 16 27 . 81 34 108 20 . 9 288 55 Critical Strikes 41 | . . 2 2 12 1 . . . . 3 1 . 1 15 4 Actively Blocked 5 | . . . . 1 . . . . . 1 1 . . 2 . Damage Taken 13880 | . 101 1000 757 2966 202 553 . 1583 425 1332 378 . 78 3758 747 Core 1111 | . 21 87 70 267 . 44 . 116 102 142 23 . . 170 69 Absorbed by Shields 1587 | . . 95 106 260 64 36 . . . 49 189 . . 558 230 Redirected to Shielding 240 | . . 15 21 79 . . . . 1 51 13 . 1 59 . Ignored by Resistances 1768 | . . 44 . 352 28 8 . . . 193 . . 30 959 154 Regen/Repaired (Parts) 678 | . . . 204 124 . . . . . . . . . 350 . Core Remaining (%) 77 | 100 91 78 87 . . . . 39 . . . . 68 . . Volleys Fired 588 | . 9 87 58 152 23 33 5 39 23 40 15 21 1 61 21 Largest 4 | . 2 2 1 3 3 3 1 3 2 4 4 1 1 4 4 Hottest 360 | . 60 90 63 93 89 136 80 160 250 360 360 250 250 350 350 Shots Fired 1261 | . 18 159 58 331 54 90 5 101 24 113 28 22 1 185 72 Gun 701 | . 18 158 10 220 44 86 3 44 15 13 9 22 1 41 17 Cannon 532 | . . 1 37 97 10 4 1 57 9 100 17 . . 144 55 Launcher 25 | . . . 11 14 . . . . . . . . . . . Special 3 | . . . . . . . 1 . . . 2 . . . . Kinetic 525 | . 9 42 37 239 54 68 3 70 2 . 1 . . . . Thermal 574 | . . 6 10 78 . 22 1 31 22 113 25 22 1 185 58 Explosive 16 | . . . 2 14 . . . . . . . . . . . Electromagnetic 143 | . 9 111 9 . . . . . . . . . . . 14 Robot Hit Streak 18 | . 10 17 15 18 17 18 10 11 10 16 6 7 8 12 5 Robot Miss Streak 13 | . 2 4 3 4 1 3 . 13 11 8 10 8 1 6 3 Penetration Max 1 | . . . . 1 1 1 . . . . . . . . . Secondary Targets 12 | . 1 4 . 4 . 3 . . . . . . . . . Max Gunslinging Chain 1 | . 1 1 . 1 . 1 . . . . . . . . . Shots Hit Robots 862 | . 15 116 38 234 39 71 1 62 15 70 22 21 1 120 37 Core Hits 531 | . 6 61 42 123 15 54 . 28 20 40 18 37 6 74 7 Critical Kills 12 | . . 1 . 1 1 . . . . 2 1 . . 5 1 Critical Parts Destroyed 3 | . . . . 3 . . . . . . . . . . . Critical Strikes 26 | . . 3 1 8 1 1 . 3 . 2 1 . . 5 1 Burn 1 | . . 1 . . . . . . . . . . . . . Meltdown 9 | . . . . . . . . . . 2 1 . . 5 1 Destroy 7 | . . 1 . 4 1 1 . . . . . . . . . Blast 8 | . . . 1 4 . . . 3 . . . . . . . Corrupt 1 | . . 1 . . . . . . . . . . . . . Melee Attacks . | . . . . . . . . . . . . . . . . Impact . | . . . . . . . . . . . . . . . . Slashing . | . . . . . . . . . . . . . . . . Piercing . | . . . . . . . . . . . . . . . . Sneak Attacks . | . . . . . . . . . . . . . . . . Combat Hostiles . | . . . . . . . . . . . . . . . . Follow-up Attacks . | . . . . . . . . . . . . . . . . Damage Inflicted 30306 | . 227 2227 3351 7215 853 1436 . 1362 1071 3453 1215 1559 223 5071 1043 Guns 14805 | . 197 1710 169 3571 809 1360 . 590 1034 1321 763 1559 163 1308 251 Cannons 10891 | . . . 1207 2162 44 76 . 772 27 2072 452 . . 3287 792 Explosions 4413 | . 30 514 1975 1461 . . . . . . . . . 433 . Melee . | . . . . . . . . . . . . . . . . Ramming 197 | . . 3 . 21 . . . . 10 60 . . 60 43 . Kinetic 8813 | . 85 343 1207 4298 853 1005 . 999 . . 23 . . . . Thermal 16162 | . 30 551 201 1435 . 431 . 363 1061 3393 1192 1559 163 4902 881 Explosive 2930 | . . . 1359 1461 . . . . . . . . . 110 . Electromagnetic 2204 | . 112 1330 584 . . . . . . . . . . 16 162 Impact . | . . . . . . . . . . . . . . . . Slashing . | . . . . . . . . . . . . . . . . Piercing . | . . . . . . . . . . . . . . . . Highest Corruption 14 | . . 1 . 4 4 . . . 1 . 14 12 . 7 7 Average Corruption 3 | . . 1 . 2 3 . . . 1 . 12 6 . 2 7 Corruption Purged 22 | . . . . . 4 . . . 1 . 5 12 . . . Corruption Blocked . | . . . . . . . . . . . . . . . . Effects 152 | . . 13 . 22 20 . . . 1 . 24 13 . 20 39 Message Errors 39 | . . 4 . 2 8 . . . . . 8 1 . 6 10 Matter Fused 38 | . . 5 . 9 4 . . . 1 . 5 3 . 2 9 Heat Flow Errors 11 | . . 1 . 4 1 . . . . . 1 1 . 1 2 Energy Discharges 21 | . . 1 . . 2 . . . . . 5 3 . 4 6 Parts Rejected 3 | . . . . . . . . . . . . . . 2 1 Parts Fused 1 | . . . . . . . . . . . . 1 . . . Data Loss (minor) 14 | . . 1 . 2 2 . . . . . 2 2 . . 5 Data Loss (major) 6 | . . . . . . . . . . . 1 1 . 1 3 Misfires 7 | . . . . 3 1 . . . . . . 1 . 1 1 Alerts 5 | . . 1 . . . . . . . . 2 . . 1 1 Weapon Failures 7 | . . . . 2 2 . . . . . . . . 2 1 Overload Shots . | . . . . . . . . . . . . . . . . Overflow Damage 607 | . . . 253 161 . . . . . 51 . . . 109 33 Projectiles 442 | . . . 148 148 . . . . . 51 . . . 62 33 Explosions 165 | . . . 105 13 . . . . . . . . . 47 . Melee . | . . . . . . . . . . . . . . . . Knockbacks 18 | . . . 3 4 2 . . 7 . 2 . . . . . Impact 2 | . . . . . . . . . . 2 . . . . . Kinetic 16 | . . . 3 4 2 . . 7 . . . . . . . Secondary . | . . . . . . . . . . . . . . . . Self-Inflicted Damage 404 | . 26 111 11 54 . . . . . . . . . 202 . Shots 12 | . 1 4 1 2 . . . . . . . . . 4 . Rammed 12 | . . 2 . 2 . . . . 1 4 . . 2 1 . Targets Rammed 16 | . . 2 . 3 . . . . 1 5 . . 4 1 . Kicked . | . . . . . . . . . . . . . . . . Crushed 4 | . . . . 1 . . . . . 1 . . 2 . . Highest Temperature 749 | . 102 282 20 601 236 286 34 281 128 383 304 360 100 749 502 Average Temperature 110 | . 43 43 5 110 118 59 20 112 36 123 131 102 52 157 142 Received Heat Transfer 3908 | . 42 326 270 1286 108 109 . 162 42 318 4 . 66 1034 141 Effects 32 | . . . . 9 . . . 1 . . . . . 18 4 Shutdowns 8 | . . . . 1 . . . . . . . . . 5 2 Energy Bleed 4 | . . . . 1 . . . 1 . . . . . 2 . Interference 8 | . . . . 3 . . . . . . . . . 5 . Short Circuit 1 | . . . . 1 . . . . . . . . . . . Damage (minor) 6 | . . . . 3 . . . . . . . . . 3 . Damage (major) 5 | . . . . . . . . . . . . . . 3 2 Siege Activations . | . . . . . . . . . . . . . . . . Martial Activations . | . . . . . . . . . . . . . . . . Shielding Activations . | . . . . . . . . . . . . . . . . Robots Disrupted 1 | . . . . . . . . . . . . . . 1 . Combat Hostiles 1 | . . . . . . . . . . . . . . 1 . Robots Corrupted 3 | . . 1 1 . . . . . . . . . . . 1 Combat Hostiles 3 | . . 1 1 . . . . . . . . . . . 1 Parts Fried 7 | . . 4 2 . . . . . . . . . . . 1 Impact Corruptions . | . . . . . . . . . . . . . . . . Robots Melted 10 | . . . . . . . . . . 2 1 . . 5 2 Combat Hostiles 10 | . . . . . . . . . . 2 1 . . 5 2 Parts Melted 64 | . . . 1 6 . . . 3 4 7 . 8 . 31 4 Heat Transferred 23265 | . 50 809 470 1961 . 975 . 825 1412 5011 1554 2375 250 6440 1133 Parts Sabotaged . | . . . . . . . . . . . . . . . . Parts Stolen . | . . . . . . . . . . . . . . . . Parts Stripped . | . . . . . . . . . . . . . . . . Power Chain Reactions 14 | . 1 10 3 . . . . . . . . . . . . Alert | -11 -10 -9 -8 -7 -7 -7 -7 -6 -6 -6 -6 -6 -6 -5 -5 ------- Run | Yrd Mat Mat Mat Fac Low Low Zio Pro Fac Ext Cet Arc Hub Fac Upp Maximum Alert Level 4 | . . 1 2 4 . . . . 3 2 2 1 . 3 . Low Security (%) 41 | 100 100 62 19 32 . . . . 3 64 . 9 100 42 . Level 1 34 | . . 37 76 4 . . . . 40 33 78 90 . 11 . Level 2 10 | . . . 4 13 . . . . 36 1 21 . . 26 . Level 3 8 | . . . . 27 . . . . 20 . . . . 19 . Level 4 3 | . . . . 22 . . . . . . . . . . . Level 5 . | . . . . . . . . . . . . . . . . High Security . | . . . . . . . . . . . . . . . . Max Security . | . . . . . . . . . . . . . . . . Peak Influence 1251 | . 78 313 411 1251 . . . . 750 651 479 333 78 744 . Initial 750 | . . 11 56 180 . . . . 750 93 364 152 64 11 . Average 310 | . 26 158 261 605 . . . . 510 149 368 272 37 337 . Influence Increases 8781 | . 113 920 750 1823 185 195 . 205 999 1454 426 311 100 1185 115 Destroy 0b10 Robot/C 4320 | . 40 500 440 920 100 160 . 160 140 840 200 80 20 640 80 Destroy 0b10 Robot/NC 440 | . 5 85 55 105 . 5 . 15 20 55 10 45 15 25 . Destroy Leader 936 | . 10 144 118 234 10 30 . 30 42 114 10 . 2 172 20 Allied During Kill 605 | . . . . . . . . . 6 294 168 125 12 . . Successful Hack 179 | . 8 23 14 89 . . . . 34 4 . . . 7 . Select Force Hacks 140 | . 30 60 . . . . . . . . . . 50 . . Disable Machine 465 | . 15 75 75 90 . . . . . 15 15 60 . 120 . Anti-Garrison Action 200 | . . . . 200 . . . . . . . . . . . Destroy Structure 446 | . 5 33 48 110 . . . . 7 42 23 1 1 176 . Advance Influence 750 | . . . . . . . . . 750 . . . . . . Lose Combat Pursuer 300 | . . . . 75 75 . . . . 90 . . . 45 15 Influence Decreases 8657 | . 85 814 486 974 1125 502 . 205 808 994 697 506 260 499 702 Entered New Map 1847 | . . 17 78 218 463 59 . . . 98 287 228 121 14 264 Time Decay 5529 | . 85 627 398 636 652 401 . 185 458 556 350 278 70 405 428 Search Patrol Dispatched 200 | . . . . . . . . . 200 . . . . . . Lost Part 342 | . . 20 10 120 10 42 . 20 . 30 . . . 80 10 Lost Ally 289 | . . . . . . . . . . 160 60 . 69 . . Purge Threat 450 | . . 150 . . . . . . 150 150 . . . . . Squads Dispatched 53 | . 1 5 5 23 . . . . 2 4 . . 3 10 . Investigation 17 | . 1 5 1 4 . . . . 1 2 . . 2 1 . Extermination 9 | . . . . 5 . . . . 1 . . . . 3 . Reinforcement 17 | . . . 3 9 . . . . . 2 . . 1 2 . Assault 2 | . . . . 1 . . . . . . . . . 1 . Garrison 8 | . . . 1 4 . . . . . . . . . 3 . Intercept . | . . . . . . . . . . . . . . . . Searches Triggered 2 | . . . . . . . . . 2 . . . . . . Construction Impeded 6 | . . . . 4 . . . . . 2 . . . . . Haulers Reinforced 3 | . . . . 3 . . . . . . . . . . . Active Scanning Responses . | . . . . . . . . . . . . . . . . Cargo Convoy Interrupts . | . . . . . . . . . . . . . . . . Stealth | -11 -10 -9 -8 -7 -7 -7 -7 -6 -6 -6 -6 -6 -6 -5 -5 --------- Run | Yrd Mat Mat Mat Fac Low Low Zio Pro Fac Ext Cet Arc Hub Fac Upp Distress Signals 14 | . . 4 3 3 . . . 1 . 1 2 . . . . Communications Jammed . | . . . . . . . . . . . . . . . . Distress Signals . | . . . . . . . . . . . . . . . . Times Spotted 312 | . 3 42 29 61 11 8 . 13 10 47 11 15 11 37 14 Peak Tracking Total 12 | . 3 5 6 7 4 4 . 3 4 7 5 2 12 8 9 Tactical Retreats 20 | . . . . 5 5 . . . . 6 . . . 3 1 Traps | -11 -10 -9 -8 -7 -7 -7 -7 -6 -6 -6 -6 -6 -6 -5 -5 ------- Run | Yrd Mat Mat Mat Fac Low Low Zio Pro Fac Ext Cet Arc Hub Fac Upp Traps Triggered 7 | . . 1 . 1 . 1 . . 1 3 . . . . . Indirectly . | . . . . . . . . . . . . . . . . Trap Hack Attempts . | . . . . . . . . . . . . . . . . Triggered . | . . . . . . . . . . . . . . . . Disarmed . | . . . . . . . . . . . . . . . . Reprogrammed . | . . . . . . . . . . . . . . . . Reused . | . . . . . . . . . . . . . . . . Traps Extracted . | . . . . . . . . . . . . . . . . Installed . | . . . . . . . . . . . . . . . . Triggered . | . . . . . . . . . . . . . . . . Most Traps Carried 2 | . . . . . . . . 2 2 2 2 . . . . Machines | -11 -10 -9 -8 -7 -7 -7 -7 -6 -6 -6 -6 -6 -6 -5 -5 ---------- Run | Yrd Mat Mat Mat Fac Low Low Zio Pro Fac Ext Cet Arc Hub Fac Upp Machines Disabled 34 | . 1 5 5 6 . . . . . 4 1 4 . 8 . Max in Single Turn 5 | . 1 3 2 2 . . . . . . 1 1 . 5 . Garrison Access 2 | . . . 1 1 . . . . . . . . . . . Network Hub 1 | . . . . . . . . . . . . . 1 . . Energy Cycler 2 | . . . . . . . . . . 2 . . . . . Machines Repaired . | . . . . . . . . . . . . . . . . Machines Dismantled . | . . . . . . . . . . . . . . . . Machines Sabotaged 1 | . . . . . . . . . . . . . 1 . . Overloaded Fab Kills . | . . . . . . . . . . . . . . . . Hacking | -11 -10 -9 -8 -7 -7 -7 -7 -6 -6 -6 -6 -6 -6 -5 -5 --------- Run | Yrd Mat Mat Mat Fac Low Low Zio Pro Fac Ext Cet Arc Hub Fac Upp Machines Accessed 48 | . 3 13 7 10 1 1 . . 4 3 . . 2 4 . Terminals 27 | . 2 9 4 3 . . . . 2 3 . . 2 2 . Fabricators 2 | . . . . 2 . . . . . . . . . . . Repair Stations 5 | . . . 1 2 . . . . . . . . . 2 . Recycling Units 4 | . 1 2 . . . . . . 1 . . . . . . Scanalyzers 5 | . . 2 1 1 . . . . 1 . . . . . . Garrison Access 3 | . . . 1 2 . . . . . . . . . . . Total Hacks 139 | . 7 36 20 33 1 1 . . 9 8 . . 3 21 . Successful 69 | . 4 17 13 17 1 1 . . 4 2 . . 2 8 . Failed 69 | . 3 18 7 16 . . . . 5 6 . . 1 13 . Catastrophic 11 | . . 2 2 2 . . . . 1 1 . . . 3 . Database Lockouts 1 | . . 1 . . . . . . . . . . . . . Manual 53 | . 6 22 4 14 . . . . 1 2 1 . 3 . . Terminals 67 | . 6 27 6 7 . . . . 4 8 . . 3 6 . Fabricators 8 | . . . . 8 . . . . . . . . . . . Repair Stations 35 | . . . 10 10 . . . . . . . . . 15 . Recycling Units 5 | . 1 2 . . . . . . 2 . . . . . . Scanalyzers 16 | . . 7 3 3 . . . . 3 . . . . . . Garrison Access 6 | . . . 1 5 . . . . . . . . . . . Terminal Hacks 20 | . 2 9 2 1 1 1 . . 1 2 . . . 1 . Part Schematic 2 | . . 1 1 . . . . . . . . . . . . Robot Analysis 2 | . 1 . 1 . . . . . . . . . . . . Prototype ID Bank 3 | . . 2 . . . . . . . 1 . . . . . Open Door 2 | . . . . . 1 1 . . . . . . . . . Terminal Index 1 | . . . . . . . . . 1 . . . . . . Scanalyzer Index 1 | . . 1 . . . . . . . . . . . . . Alert Level 2 | . . 1 . . . . . . . . . . . 1 . Unreport Threat 2 | . . 1 . . . . . . . 1 . . . . . Locate Traps 2 | . 1 . . 1 . . . . . . . . . . . Hauler Manifests 1 | . . 1 . . . . . . . . . . . . . Registered Components 1 | . . 1 . . . . . . . . . . . . . Zone Layout 1 | . . 1 . . . . . . . . . . . . . Fabricator Hacks 4 | . . . . 4 . . . . . . . . . . . Network Status 1 | . . . . 1 . . . . . . . . . . . Load Schematic 1 | . . . . 1 . . . . . . . . . . . Build 2 | . . . . 2 . . . . . . . . . . . Repair Station Hacks 20 | . . . 8 5 . . . . . . . . . 7 . Scan Component 11 | . . . 4 3 . . . . . . . . . 4 . Repair 9 | . . . 4 2 . . . . . . . . . 3 . Recycling Unit Hacks . | . . . . . . . . . . . . . . . . Scanalyzer 10 | . . 4 2 2 . . . . 2 . . . . . . Insert Component 5 | . . 2 1 1 . . . . 1 . . . . . . Analyze 5 | . . 2 1 1 . . . . 1 . . . . . . Garrison Access Hacks 1 | . . . 1 . . . . . . . . . . . . Seal Access 1 | . . . 1 . . . . . . . . . . . . Unauthorized Hacks 14 | . 2 4 . 5 . . . . 1 . . . 2 . . Terminals 9 | . 1 2 . 3 . . . . 1 . . . 2 . . Botnet 6 | . 1 2 . 2 . . . . 1 . . . . . . Operators 1 | . . . . 1 . . . . . . . . . . . Sabotage 2 | . . . . . . . . . . . . . 2 . . Fabricators 1 | . . . . 1 . . . . . . . . . . . Haulers 1 | . . . . 1 . . . . . . . . . . . Repair Stations . | . . . . . . . . . . . . . . . . Recycling Units 3 | . 1 2 . . . . . . . . . . . . . Tunnel 3 | . 1 2 . . . . . . . . . . . . . Scanalyzers . | . . . . . . . . . . . . . . . . Garrison Access 1 | . . . . 1 . . . . . . . . . . . Jam 1 | . . . . 1 . . . . . . . . . . . Data Cores Recovered 2 | . . . . . . . . . 1 1 . . . . . Used . | . . . . . . . . . . . . . . . . Hacking Detections 36 | . 2 9 5 10 . . . . 4 3 . . 1 2 . Full Trace Events 10 | . . 3 2 3 . . . . . 1 . . . 1 . Feedback Events 1 | . . 1 . . . . . . . . . . . . . Corruption 1 | . . 1 . . . . . . . . . . . . . Feedback Blocked . | . . . . . . . . . . . . . . . . Robot Schematics Acquired 4 | . . . . . . . 4 . . . . . . . . Robots Built . | . . . . . . . . . . . . . . . . Authchips . | . . . . . . . . . . . . . . . . Time . | . . . . . . . . . . . . . . . . Total Robot Build Rating . | . . . . . . . . . . . . . . . . Part Schematics Acquired 21 | . . 3 2 1 . . 14 . 1 . . . . . . Parts Built 3 | . . . . 3 . . . . . . . . . . . Authchips . | . . . . . . . . . . . . . . . . Time 126 | . . . . 126 . . . . . . . . . . . Total Part Build Rating 12 | . . . . 12 . . . . . . . . . . . Part Studies Acquired . | . . . . . . . . . . . . . . . . Parts Repaired 7 | . . . 4 2 . . . . . . . . . 1 . Time 534 | . . . 128 54 . . . . . . . . . 352 . Parts Recycled . | . . . . . . . . . . . . . . . . Recycled Matter . | . . . . . . . . . . . . . . . . Retrieved Matter . | . . . . . . . . . . . . . . . . Retrieved Components . | . . . . . . . . . . . . . . . . Parts Scanalyzed 5 | . . 2 1 1 . . . . 1 . . . . . . Part Schematics Acquired 5 | . . 2 1 1 . . . . 1 . . . . . . Parts Damaged . | . . . . . . . . . . . . . . . . Bothacking | -11 -10 -9 -8 -7 -7 -7 -7 -6 -6 -6 -6 -6 -6 -5 -5 ------------ Run | Yrd Mat Mat Mat Fac Low Low Zio Pro Fac Ext Cet Arc Hub Fac Upp Used RIF Installer . | . . . . . . . . . . . . . . . . Robots Hacked 3 | . . . . . . . 1 . . . 2 . . . . Non-combat . | . . . . . . . . . . . . . . . . Combat 3 | . . . . . . . 1 . . . 2 . . . . Robot Hacks Applied 3 | . . . . . . . 1 . . . 2 . . . . parse_system 3 | . . . . . . . 1 . . . 2 . . . . Relay Couplers Released . | . . . . . . . . . . . . . . . . Fabnet Peak Effective % . | . . . . . . . . . . . . . . . . Robots Rewired 6 | . . . . . . . . . . 6 . . . . . Allies Hacked . | . . . . . . . . . . . . . . . . Hacks Repelled . | . . . . . . . . . . . . . . . . Allies | -11 -10 -9 -8 -7 -7 -7 -7 -6 -6 -6 -6 -6 -6 -5 -5 -------- Run | Yrd Mat Mat Mat Fac Low Low Zio Pro Fac Ext Cet Arc Hub Fac Upp Total Allies 21 | . . . . . . . . . 1 15 5 . . . . Largest Group 9 | . . . . . . . . . 1 7 9 6 5 . . Highest-Rated Group 715 | . . . . . . . . . 99 365 715 552 409 . . Highest-Rated Ally 159 | . . . . . . . . . 99 159 159 143 96 . . Total Orders 7 | . . . . . . . . . 4 2 1 . . . . EXPLORE 1 | . . . . . . . . . 1 . . . . . . RETURN 6 | . . . . . . . . . 3 2 1 . . . . Ally Attacks 240 | . . . . . . . . . 3 183 39 10 5 . . Total Damage 5835 | . . . . . . . . . 287 3901 1181 282 184 . . Kills 47 | . . . . . . . . . 1 34 9 3 . . . Allies Corrupted 4 | . . . . . . . . . . . . . 4 . . Allies Melted 1 | . . . . . . . . . . 1 . . . . . Intel | -11 -10 -9 -8 -7 -7 -7 -7 -6 -6 -6 -6 -6 -6 -5 -5 ------- Run | Yrd Mat Mat Mat Fac Low Low Zio Pro Fac Ext Cet Arc Hub Fac Upp Active Infowar (turns) 1 | . . . . . . . . . . . . . . 1 . Optics 1 | . . . . . . . . . . . . . . 1 . Robot Analysis Total 2 | . 1 . 1 . . . . . . . . . . . . Derelict Logs Recovered 4 | . . . . . 1 . 1 1 . . . . . . 1 Drone Launches 6 | . . . . . . . . . 3 2 1 . . . . Drone Recoveries 6 | . . . . . . . . . 3 2 1 . . . . Exploration | -11 -10 -9 -8 -7 -7 -7 -7 -6 -6 -6 -6 -6 -6 -5 -5 ------------- Run | Yrd Mat Mat Mat Fac Low Low Zio Pro Fac Ext Cet Arc Hub Fac Upp Turns Passed 23266 | 75 257 2311 955 2250 2407 3109 2761 1258 1155 2553 799 619 183 1517 1057 Spaces Moved 8936 | 43 141 1027 419 855 836 1150 1150 164 485 928 393 324 103 513 405 Core 34 | 2 . . . . . . . 32 . . . . . . . Treads 8626 | 41 141 1027 419 855 836 1150 1150 127 214 928 393 324 103 513 405 Legs . | . . . . . . . . . . . . . . . . Wheels 276 | . . . . . . . . 5 271 . . . . . . Hover . | . . . . . . . . . . . . . . . . Flight . | . . . . . . . . . . . . . . . . Fastest Speed 50 | 50 160 160 160 160 243 235 238 238 155 240 160 160 160 160 160 Average Speed 228 | 154 160 191 162 188 278 257 238 685 202 240 166 160 160 236 238 Slowest Speed 1900 | 160 160 240 240 325 325 320 238 1900 245 240 320 160 160 240 240 Overloaded Moves . | . . . . . . . . . . . . . . . . Propulsion Burnouts . | . . . . . . . . . . . . . . . . Robots Hopped . | . . . . . . . . . . . . . . . . Potential Cave-ins . | . . . . . . . . . . . . . . . . Cave-ins Triggered . | . . . . . . . . . . . . . . . . Exploration Rate (%) 49 | 4 34 64 32 26 82 92 84 29 16 86 69 88 13 13 64 Regions Visited 15 Branch Regions 9 Pre-discovered Areas 5 | . 1 2 . . 1 . 1 . . . . . . . . Known Exits Taken 2 | . . . . . . . . . . . . . 1 1 . Unknown Exits Taken 13 | 1 1 1 1 1 1 1 1 1 1 1 1 1 . . . Scrap Searched 13 | . . . . . 2 9 2 . . . . . . . . Spaces Dug 14 | . . 1 . 9 1 . . . 3 . . . . . . Terrain Destroyed 388 | . 4 29 47 107 2 1 . 20 8 21 1 . . 126 22 Melee . | . . . . . . . . . . . . . . . . Projectile 141 | . . 1 16 15 2 1 . 20 8 21 1 . . 34 22 AOE 247 | . 4 28 31 92 . . . . . . . . . 92 . Terrain Rammed . | . . . . . . . . . . . . . . . . Walls Destroyed . | . . . . . . . . . . . . . . . . Machines Disabled . | . . . . . . . . . . . . . . . . Actions | -11 -10 -9 -8 -7 -7 -7 -7 -6 -6 -6 -6 -6 -6 -5 -5 --------- Run | Yrd Mat Mat Mat Fac Low Low Zio Pro Fac Ext Cet Arc Hub Fac Upp Total 10554 | 49 154 1223 626 1184 871 1222 1171 212 605 1147 509 361 116 661 443 Wait 415 | . 1 13 84 109 4 21 1 4 36 68 25 8 2 31 8 Move 8923 | 42 140 1026 418 854 835 1149 1149 163 484 927 392 323 103 513 405 Hop . | . . . . . . . . . . . . . . . . Pick Up 128 | 1 2 25 14 14 2 6 5 2 9 11 17 . 1 16 3 Fast Attach 93 | 6 1 9 6 18 1 2 . 1 17 4 12 5 2 8 1 Attach 66 | . . 6 8 8 1 3 1 2 6 6 3 . 1 20 1 Detach 16 | . . 3 2 . . 1 . . 3 . 4 . . 2 1 Swap 94 | . 1 19 14 13 4 3 4 1 6 12 9 . . 5 3 Drop 157 | . . 33 22 13 1 1 6 . 20 17 32 4 3 5 . Fire 588 | . 9 87 58 152 23 33 5 39 23 40 15 21 1 61 21 Melee . | . . . . . . . . . . . . . . . . Ram . | . . . . . . . . . . . . . . . . Kick . | . . . . . . . . . . . . . . . . Crush 14 | . . 2 . 3 . . . . 1 5 . . 3 . . Escape Stasis 4 | . . . . . . . . . . 4 . . . . . Rewire 56 | . . . . . . 3 . . . 53 . . . . . Trap . | . . . . . . . . . . . . . . . . Miscellaneous . | . . . . . . . . . . . . . . . . Route ------- -11/Scrapyard -10/Materials -9/Materials (discovered 3 exits: *Mat x2 / [*Min]) -8/Materials -7/Factory (discovered 2 exits: *Fac / *Low) -7/Lower Caves -7/Lower Caves (discovered 2 exits: *Fac / [*Zio]) -7/Zion -6/Proximity Caves -6/Factory (discovered 2 exits: Fac / *Ext) -6/Extension (discovered 3 exits: *Fac x2 / *Cet) -6/Cetus (discovered 2 exits: *Fac / [*Arc]) -6/Archives (discovered 3 exits: *Fac / *Hub x2) -6/Hub_04(d) -5/Factory -5/Upper Caves History --------- Turn | Location | Event 20 | -11/Scrapyard | Discovered new exit (range 15) 76 | -11/Scrapyard | Entered Materials 294 | -10/Materials | Discovered new exit (range 15) 302 | -10/Materials | Build established: Mutant 333 | -10/Materials | Entered another Materials area 333 | -9/Materials | Evolved 2 slots: Utility x2 897 | -9/Materials | Destroyed 8 combat bots 1026 | -9/Materials | Discovered new exit (range 5) 1074 | -9/Materials | Central database locked down 1514 | -9/Materials | Discovered new exit (range 20) 2486 | -9/Materials | Discovered new exit (range 16) 2644 | -9/Materials | Entered another Materials area 2644 | -8/Materials | Evolved 2 slots: Propulsion x1, Utility x1 3024 | -8/Materials | Repaired Hvy. Assault Cannon 3051 | -8/Materials | Repaired Lgt. Treads 3090 | -8/Materials | Repaired Reflective Plating 3117 | -8/Materials | Repaired Lgt. Treads 3423 | -8/Materials | Discovered new exit (range 11) 3599 | -8/Materials | Entered Factory 3599 | -7/Factory | Evolved 2 slots: Propulsion x1, Weapon x1 3883 | -7/Factory | Fabricated Focal Shield? 4025 | -7/Factory | Build established: Tank 4319 | -7/Factory | Fabricated Rocket Launcher (x1) 4760 | -7/Factory | Garrison activated, responded to threat 4808 | -7/Factory | Lost 8 parts (4n3u1w) 4965 | -7/Factory | Repaired Reflective Plating 5001 | -7/Factory | Repaired Cld. Deuterium Engine 5034 | -7/Factory | Discovered new exit (range 13) 5154 | -7/Factory | Garrison activated, responded to threat 5263 | -7/Factory | Discovered new exit (range 5) 5599 | -7/Factory | First assault squad dispatched 5849 | -7/Factory | Entered Lower Caves 5868 | -7/Lower Caves | Encountered a Warlord checkpoint 7133 | -7/Lower Caves | Discovered new exit (range 10) 7470 | -7/Lower Caves | Build established: Scavenger-Tank 7728 | -7/Lower Caves | Entered an active Warlord outpost 7944 | -7/Lower Caves | Learned location of Zion (-7) 8041 | -7/Lower Caves | Build established: Tank 8256 | -7/Lower Caves | Entered another Lower Caves area 8379 | -7/Lower Caves | Build established: Scavenger-Tank 8671 | -7/Lower Caves | Spotted B-75 Beast 8691 | -7/Lower Caves | Destroyed B-75 Beast 8865 | -7/Lower Caves | Found Prototype Device 8993 | -7/Lower Caves | Build established: Tank 9213 | -7/Lower Caves | Identified Heart of Steel 9520 | -7/Lower Caves | Build established: Gunner 9884 | -7/Lower Caves | Discovered new exit (range 15) 10846 | -7/Lower Caves | Encountered a Warlord checkpoint 10970 | -7/Lower Caves | Discovered new exit (range 8) 11365 | -7/Lower Caves | Entered Zion 11811 | -7/Zion | Learned 4 Factory zone layouts 12460 | -7/Zion | Learned location of Quarantine (-2) 12603 | -7/Zion | Acquired unknown access codes intercepted by a Zionite 12839 | -7/Zion | Found Prototype Energy Gun 13128 | -7/Zion | Given the Hacking Drone Bay 13129 | -7/Zion | Found Prototype Device 13275 | -7/Zion | Met Imprinter 14018 | -7/Zion | Received a visual enhancement algorithm 14092 | -7/Zion | Discovered new exit (range 12) 14126 | -7/Zion | Entered Proximity Caves 14126 | -6/Proximity Caves | Spotted B-75 Beast 14128 | -6/Proximity Caves | Spotter reported a threat 14129 | -6/Proximity Caves | Spotter reported a threat 14167 | -6/Proximity Caves | Core integrity fell below 50% 14181 | -6/Proximity Caves | Spotter reported a threat 14192 | -6/Proximity Caves | Destroyed B-75 Beast 14206 | -6/Proximity Caves | Lost 4 parts (2n2w) 14251 | -6/Proximity Caves | Spotter reported a threat 14260 | -6/Proximity Caves | Spotter reported a threat 14955 | -6/Proximity Caves | Discovered new exit (range 15) 15048 | -6/Proximity Caves | Build established: Mutant 15384 | -6/Proximity Caves | Entered Factory 15384 | -6/Factory | Evolved 2 slots: Utility x1, Weapon x1 15385 | -6/Factory | Identified exit to Factory 15464 | -6/Factory | Identified Storm Laser 15716 | -6/Factory | Build established: Gunner 15734 | -6/Factory | Search patrols dispatched 15794 | -6/Factory | Heart of Steel transformed into Warbot 15920 | -6/Factory | Spotted B-75 Beast 15941 | -6/Factory | Destroyed B-75 Beast 16027 | -6/Factory | Identified Hacking Drone Bay 16138 | -6/Factory | Found Hvy. Insulated Plating 16258 | -6/Factory | Build established: Scavenger-Tank 16396 | -6/Factory | Discovered new exit (range 18) 16434 | -6/Factory | Search patrols dispatched 16539 | -6/Factory | Entered Extension 16539 | -6/Extension | Accompanied by 1 ally (Warbot) 17027 | -6/Extension | Rescued a captive Derelict 17089 | -6/Extension | Spotted B-75 Beast 17099 | -6/Extension | Destroyed B-75 Beast 17112 | -6/Extension | Spotted B-75 Beast 17130 | -6/Extension | Destroyed B-75 Beast 17178 | -6/Extension | Build established: Tank 17362 | -6/Extension | Rescued a captive Derelict 17362 | -6/Extension | Rescued a captive Derelict 17495 | -6/Extension | Build established: Pyromaniac-Tank 17629 | -6/Extension | Rescued a captive Derelict 17764 | -6/Extension | Disrupted transfer network 18094 | -6/Extension | Lost 4 allies 18388 | -6/Extension | Energy Cycler disabled 18388 | -6/Extension | Rescued a captive Derelict 18388 | -6/Extension | Rescued a captive Derelict 18388 | -6/Extension | Rescued a captive Derelict 18389 | -6/Extension | Rescued a captive Derelict 18392 | -6/Extension | Rescued a captive Derelict 18398 | -6/Extension | Rescued a captive Derelict 18399 | -6/Extension | Rescued a captive Derelict 18400 | -6/Extension | Rescued a captive Derelict 18415 | -6/Extension | Rescued a captive Derelict 18506 | -6/Extension | Build established: Scavenger-Tank 18578 | -6/Extension | Rescued A7 19019 | -6/Extension | Discovered new exit (range 6) 19064 | -6/Extension | Disrupted transfer network 19086 | -6/Extension | Lost 3 allies 19092 | -6/Extension | Entered Cetus 19092 | -6/Cetus | Accompanied by 4 allies (A7) 19097 | -6/Cetus | Acquired a Cetus Manufacturing Module code from A7 19122 | -6/Cetus | Spotted Cetus Guard 19122 | -6/Cetus | Spotted Cetus Guard 19128 | -6/Cetus | Spotted Cetus Guard 19128 | -6/Cetus | Allies destroyed Cetus Guard 19129 | -6/Cetus | Spotted Cetus Guard 19136 | -6/Cetus | Allies destroyed Cetus Guard 19138 | -6/Cetus | Destroyed Cetus Guard 19141 | -6/Cetus | Allies destroyed Cetus Guard 19194 | -6/Cetus | System corruption reached 10% 19286 | -6/Cetus | Started Cetus Manufacturing Module 19306 | -6/Cetus | Discovered new exit (range 15) 19311 | -6/Cetus | Manufactured an Enhanced Grunt 19336 | -6/Cetus | Manufactured an Enhanced Grunt 19352 | -6/Cetus | Escorted A7 to Cetus Mainframe 19361 | -6/Cetus | Manufactured an Enhanced Grunt 19386 | -6/Cetus | Manufactured an Enhanced Grunt 19411 | -6/Cetus | Manufactured an Enhanced Grunt 19487 | -6/Cetus | Spotted Cetus Guard 19487 | -6/Cetus | Spotted Cetus Guard 19490 | -6/Cetus | Spotted Cetus Guard 19495 | -6/Cetus | Spotted Cetus Guard 19502 | -6/Cetus | Destroyed Cetus Guard 19505 | -6/Cetus | Allies destroyed Cetus Guard 19509 | -6/Cetus | Allies destroyed Cetus Guard 19510 | -6/Cetus | Allies destroyed Cetus Guard 19539 | -6/Cetus | Lost 3 allies 19542 | -6/Cetus | Discovered exit to Factory (range 16) 19551 | -6/Cetus | Met Revision 17 19649 | -6/Cetus | Found Prototype Device 19650 | -6/Cetus | Identified Exp. Thermal Shield 19822 | -6/Cetus | Cetus Manufacturing Module disabled 19842 | -6/Cetus | Security sweep announced 19891 | -6/Cetus | Entered Archives 19891 | -6/Archives | Accompanied by 6 allies (A7) 19896 | -6/Archives | Received a hacking code to weaken MAIN.C 19952 | -6/Archives | Discovered exit to Factory (range 14) 20014 | -6/Archives | Discovered new exit (range 16) 20242 | -6/Archives | Discovered new exit (range 15) 20510 | -6/Archives | Entered Hub_04(d) 20510 | -6/Hub_04(d) | Accompanied by 5 allies 20629 | -6/Hub_04(d) | Network Hub disabled 20662 | -6/Hub_04(d) | Discovered exit to Factory (range 5) 20677 | -6/Hub_04(d) | Spotted Lightning 20679 | -6/Hub_04(d) | Spotted Lightning 20682 | -6/Hub_04(d) | Spotted Lightning 20693 | -6/Hub_04(d) | Entered Factory 20693 | -5/Factory | Evolved 2 slots: Power x1, Utility x1 20694 | -5/Factory | Identified exit to Upper Caves 20707 | -5/Factory | Lost 5 allies 21267 | -5/Factory | Repaired Centrium Heavy Treads 21372 | -5/Factory | Lost 3 parts (1p1u1w) 21383 | -5/Factory | Garrison activated, responded to threat 21642 | -5/Factory | Lost 3 parts (1p2w) 22193 | -5/Factory | First assault squad dispatched 22210 | -5/Factory | Entered Upper Caves 22232 | -5/Upper Caves | Spotted B-75 Beast 23097 | -5/Upper Caves | Attracted the attention of an 0b10 checkpoint 23164 | -5/Upper Caves | Learned Factory garrison access intel 23259 | -5/Upper Caves | Attracted the attention of an 0b10 outpost 23267 | -5/Upper Caves | Self-destructed Last Messages --------------- 23150_ System corrupted: Matter fused (-6). 23150_ Acquired 6 matter. 23164_ Acquired derelict log, extracted data. Data stored: Factory garrison access intel. 23165_ 0SD9XABGVMRXMJ&9S4SIIL G 23189_ System corrupted: Matter fused (-6). 23209_ System corrupted: Energy discharge (-110). 23251_ System corrupted: Energy discharge (-76). 23258_ G-50 Soldier springs to life. 23258_ S-27 Virus springs to life. 23259_ Y-72 Warden: "DETECTED UNIDENTIFIED DERELICT." 23259_ B-60 Warrior springs to life. 23259_ L-41 Fighter springs to life. 23259_ Slug penetrates Wall. 23259_ Slug penetrates Earth. 23259_ G-50 Soldier springs to life. 23263_ Y-72 Warden: "REQUESTING BACKUP." 23265_ Critical hit (Burn: +26). 23267_ Overheating: Adv. Shield Generator damaged (-13). 23267_ Overheating: Beamcaster damaged (-38). Map ----- +----------------------------------------------------+ | ????????????????????????????????????????????? | | ????????????????????????????????????????????? | | ????????????????????????????????????????????? | | ????????????????????????????????????????????? | | ????????????????????????????????????????????? | | ????????????????????????????????????????????? | | ????????????????????????????????????????????? | | ????????????????????????????????????????????? | | ????????????????????????????????????????????? | | ????????????????????????????????????????????? | | ????????????????????????????????????????????? | | ????????????????????????????????????????????? | | ????????????????????????????????????????????? | | ????????????????????????????###?????????????? | | ???????????????????????????## ##????###?????? | | ?????????????????????####### ##??## ##????? | | ??????????????????#### ## #### ###### | | ?????????????????## | | ?????????????????# | | ?????????????????## ### ### | | ?????????????#????### ## #?####?#" | | ?????????????# ####### ##### ##??????## | | ?????????????? ; ## ##??###???????## | | ???????????????# ##???????###?# | | ???????????????# #????#### ## | | ???????????????# @;### #??## | | ???????????????## lb #?## | | ????????????????# b #?# | | ????????????????# # ssY # ##?# | | ????????????????# ##; ### ##??# | | ????????????????#??"gg ?? #???# | | ???????????????????" g "? #??# ## | | ???????????????????" "? #??# ##? | | ???????????????????""gl""#?#??# ##?? | | ???????????????????#######????## ### #??? | | ???????????????????????????????# #??# #??? | | ??????????????????????????????# ???# $??? | | ??????????????????????????????# #???# ??? | | ??????????????????????????????### #????# ??? | | ????????????????????????????????##?????# ??? | | ???????????????????????????????????????? ??? | | ???????????????????????????????????????? ??? | | ????????????????????????????????????????????? | | ????????????????????????????????????????????? | | ????????????????????????????????????????????? | | ????????????????????????????????????????????? | | ????????????????????????????????????????????? | | ????????????????????????????????????????????? | | ????????????????????????????????????????????? | | ????????????????????????????????????????????? | +----------------------------------------------------+ Best States ------------- Heat Dissipation 64 Coolant Potential 180 Energy Generation 45 Energy Capacity 600 Matter Stores 300 Matter Capacity 300 Sight Range 16 Terrain Scan Density 10 Corruption Containment 8 Armor Coverage 900 Resistance: KI 20 Resistance: TH 30 Resistance: EM 30 Power Shielding 33 Propulsion Shielding 15 Utility Shielding 66 Evasion (%) 40 Recoil Reduction 4 Matter Filtering 30 Particle Charging 20 Kinecelleration 30 Item Schematics ----------------- Huge Storage Unit | -9/Materials | Hacked EMP Blaster | -9/Materials | Scanalyzed Rocket Launcher | -9/Materials | Scanalyzed Targeting Computer | -8/Materials | Hacked System Restoration Module | -8/Materials | Scanalyzed Insulated Plating | -7/Factory | Scanalyzed Armor Integrity Analyzer | -7/Zion | Archive Adv. Sensor Array | -7/Zion | Archive Thermal Shield | -7/Zion | Archive Chainsword | -7/Zion | Archive Cloaking Device | -7/Zion | Archive Dynamic Insulation System | -7/Zion | Archive Drone Bay | -7/Zion | Archive Arm. Huge Wheel | -7/Zion | Archive Adv. Melee Analysis Suite | -7/Zion | Archive Med. Reactive Plating | -7/Zion | Archive Arm. Leg | -7/Zion | Archive Microactuators | -7/Zion | Archive Variable Charge Gun | -7/Zion | Archive Adv. Plasma Cannon | -7/Zion | Archive Imp. Medium Treads | -6/Factory | Scanalyzed Robot Schematics ------------------ A-02 Transporter | -7/Zion | Archive T-07 Excavator | -7/Zion | Archive M-28 Smith | -7/Zion | Archive L-61 Swordsman | -7/Zion | Archive Fabricated ------------ Focal Shield | x2 | -7/Factory | Preloaded Rocket Launcher | x1 | -7/Factory Repaired ---------- Hvy. Assault Cannon | 64% | -8/Materials Lgt. Treads | 68% | -8/Materials Reflective Plating | 66% | -8/Materials Lgt. Treads | 77% | -8/Materials Reflective Plating | 40% | -7/Factory Cld. Deuterium Engine | 56% | -7/Factory Centrium Heavy Treads | 56% | -5/Factory Studied --------- None Alien Tech Used ----------------- None Achievements -------------- None Challenges ------------ None Game ------ Seed SpreadBlanketArchive Manual? 0 Play Time 02:18:00 Cumulative 318.0 hours Start 2025.11.22 @ 06:10:30 End 2025.11.22 @ 20:50:45 Sessions 3 Manual Loads 0 Difficulty Rogue Special Mode None Game No. 328 Rogue 324 Adventurer 3 Explorer 1 Win Type - Total 2 Types 2/0/0/0/0/0/0/0/0/0 Lore% 82 Gallery% 77 Achievement% 63 Wizard Run 0 Options --------- Layout 0 ASCII 0 Keyboard 0 Movement Mouse Keybinds 0 Fullscreen 2 Font 18/SmallcapsGlow Map View 76x50 Zoom Use 0% Tactical HUD 1 Map Filters NONE Filters NONE Steam 1 RUN: 30c376af-cc16-4c21-87ad-0c24f6251866